 Dungeon Crawl Stone Soup version 0.28.0 (webtiles) character file.

Game seed: 8893580272531574055

112 zeram the Covert (level 4, 0/29 HPs)
             Began as an Octopode Brigand on Feb 4, 2022.
             Slain by a gnoll (5 damage)
             ... on level 3 of the Dungeon.
             The game lasted 00:03:28 (2385 turns).

zeram the Covert (Octopode Brigand)                 Turns: 2385, Time: 00:03:28

Health: 0/29       AC:  1    Str: 10    XL:     4   Next: 95%
Magic:  4/4        EV: 12    Int: 15    God:
Gold:   175        SH:  0    Dex: 13    Spells: 3/3 levels left

rFire   . . .      SeeInvis .   a - +2 dagger
rCold   . . .      Faith    .   (no shield)
rNeg    . . .      Spirit   .   (helmet restricted)
rPois   .          Reflect  .   i - amulet of regeneration
rElec   .          Harm     .   l - ring of flight
rCorr   .          Rampage  .   (no ring)
Will    .....                   (no ring)
Stlth   +++++.....              (no ring)
HPRegen 0.89/turn               (no ring)
MPRegen 0.09/turn               (no ring)
                                (no ring)
                                (no ring)

@: flying
A: almost no armour, amphibious, 8 rings, camouflage 1, gelatinous body 1,
(nimble swimmer 1), tentacles
a: no special abilities


You were on level 3 of the Dungeon.
You visited 1 branch of the dungeon, and saw 3 of its levels.

You collected 175 gold pieces.

Inventory:

Hand Weapons
 a - a +2 dagger (weapon)
Missiles
 b - 13 poisoned darts (quivered)
 c - 2 curare-tipped darts
Jewellery
 i - an amulet of regeneration (around mantle)
 l - a ring of flight (left tentacle)
Scrolls
 d - a scroll of identify
 e - a scroll of enchant armour
 f - 2 scrolls of teleportation {unknown}
 g - a scroll of summoning {unknown}
 h - a scroll of fog {unknown}
 j - a scroll of noise {unknown}
Potions
 k - a potion of lignification {unknown}


   Skills:
 - Level 2.0 Fighting
 - Level 2.0 Short Blades
 - Level 2.0 Throwing
 - Level 1.0 Dodging
 + Level 8.5 Stealth


You had 3 spell levels left.
You didn't know any spells.
Your spell library was empty.

Dungeon Overview and Level Annotations

Branches:
Dungeon (3/15)

Altars:
Ru

Shops:
D:1 (   D:2 :


Innate Abilities, Weirdness & Mutations

You cannot wear most types of armour.
You are amphibious.
You can wear up to eight rings at the same time.
Your skin changes colour to match your surroundings (Stealth+).
Your rubbery body absorbs attacks. (AC +1, EV +1)
((You are camouflaged when in or above water. (Stealth+)))
You have tentacles for arms and can constrict up to eight enemies at once.


Message History

You constrict the gnoll, but do no damage.
The gnoll misses you. The gnoll hits you with a +0 halberd!
Ouch! That really hurt!
You are too injured to fight recklessly!
You hit the gnoll. You tentacle-slap the gnoll.
The gnoll is severely wounded.
You constrict the gnoll. The gnoll barely misses you.
The gnoll hits the plant with a +0 flail!
The plant begins to die.
The gnoll barely misses you.
You hit the gnoll but do no damage.
The gnoll is severely wounded.
You constrict the gnoll. The gnoll hits you with a +0 club.
The gnoll hits the plant with a +0 flail!
The gnoll barely misses you.
You hit the gnoll but do no damage. You squeeze the gnoll.
You kill the gnoll!
The gnoll hits you with a +0 club.
* * * LOW HITPOINT WARNING * * *
You closely miss the gnoll. Your grab misses the gnoll.
The gnoll closely misses you.
You hit the gnoll. You grab the gnoll. You squeeze the gnoll.
The gnoll is almost dead.
You constrict the gnoll.
You kill the gnoll!
The gnoll hits you with a +0 club!
* * * LOW HITPOINT WARNING * * *
Okay, then.
Okay, then.
A nearby plant withers and dies.
There is an open door here.
You hit the gnoll but do no damage. Your grab misses the gnoll.
You completely miss the gnoll. You grab the gnoll.
You squeeze the gnoll, but do no damage.
You constrict the gnoll, but do no damage.
The gnoll hits you with a +0 club.
* * * LOW HITPOINT WARNING * * *
You hit the gnoll.
The gnoll is lightly wounded.
You constrict the gnoll. The gnoll hits you with a +0 club.
You die...

#..# #.# #..# #.#
#.#+#####.## #.#
#.......#..# #.#
#..)....#..#######
#.......#..#÷..._#
##...$...#.......÷#
.........##.8....÷#
##......'g@......#
##.......##.8..÷..#
#....P....#.......#
#.P....PP.#.8.....#
#.PP.P....#..8.8.8#
#...P)..P.##.....##
#.PP..!.P.......##
#..PP..P...#...##
#...PP.P...##..#


You could see a gnoll.

Vanquished Creatures
  Terence (D:2)
  2 adders (D:2)
  2 gnolls (D:3)
  2 dart slugs
  2 endoplasms
  2 giant cockroaches (D:2)
  3 goblins
  4 hobgoblins
  4 jackals (D:1)
  4 kobolds
  2 quokkas
  6 ball pythons
  5 bats
  4 frilled lizards
  3 rats
46 creatures vanquished.

Vanquished Creatures (others)
  12 plants
12 creatures vanquished.

Grand Total: 58 creatures vanquished

Notes
Turn   | Place    | Note
-------+----------+-------------------------------------------
     0 | D:1      | zeram the Octopode Brigand began the quest for the Orb.
     0 | D:1      | Reached XP level 1. HP: 14/14 MP: 1/1
   133 | D:1      | Found Geghacai's Antique Weapon Boutique.
   214 | D:1      | Reached XP level 2. HP: 18/19 MP: 2/2
   216 | D:1      | Reached skill level 6 in Stealth
   934 | D:1      | Reached XP level 3. HP: 23/24 MP: 3/3
  1266 | D:2      | Noticed Terence
  1280 | D:2      | Killed Terence
  1281 | D:2      | Reached skill level 7 in Stealth
  1281 | D:2      | Reached XP level 4. HP: 8/29 MP: 4/4
  1633 | D:2      | Found Jesmim's Book Shoppe.
  1645 | D:2      | Reached skill level 8 in Stealth
  2307 | D:3      | Found a sacrificial altar of Ru.
  2347 | D:3      | Found a faded altar of an unknown god.
  2376 | D:3      | HP: 1/29 [gnoll (8)]
  2385 | D:3      | Slain by a gnoll

Illustrated notes

Levels and vault maps discovered:
D:1:      dpeg_arrival_short_road, layout_loops_ring, serial_shops,
          nicolae_square_shop, serial_bayou_pond_c
D:2:      layout_basic, serial_shops, shop_coins, uniq_terence
D:3:      layout_basic, nicolae_ru_path_of_blood, lemuel_tele_altar,
          shapermc_ecumenical_altar_pompeii, ebering_ghost_sewer_f,
          nicolae_grassy_gnolls

Skill      XL: |  1  2  3  4 |
---------------+-------------+-----
Stealth        | 6 7 8 |  8.5
Fighting       | |  2.0
Short Blades   | |  2.0
Throwing       | |  2.0
Dodging        | |  1.0

Action                   |  1- 3 |  4- 6 || total
-------------------------+-------+-------++-------
Melee: Dagger            |    52 |    34 ||    86
       Tentacles         |    15 |     7 ||    22
       Constrict         |    16 |     8 ||    24
       Punch             |     2 |     1 ||     3
  Use: Scroll            |     1 |     1 ||     2
       Potion            |     1 |       ||     1
 Stab: Sleeping          |     4 |     7 ||    11
       Distracted        |       |     1 ||     1
Armor: Skin              |     3 |     3 ||     6
Dodge: Dodged            |    25 |    14 ||    39
